AoeStats
← Conquerors

Four Lakes

507269121Analyzed
1v1 RM · 16d ago on Sep 17, 2026· 42m 26s· 2 players
Game mode
Random Map
Map size
Tiny (2 player)
Population
200
Speed
Normal
Resources
Standard
Victory
Conquest
Starting age
Dark Age
Ending age
Imperial Age
RankedLock teamsTeams togetherTeam positionsShared explorationLock speedFull tech treeHidden civsTurbo modeCheats
Victory
Defeat
🇮🇳 Bohemians · India
303
+11
🇲🇪 Persians · Montenegro
190
-11
ljubob
0:32 Loom
12:53 Feudal Age
17:47 Castle Age
18:47 Husbandry
18:08 Light Cavalry
25:59 Parthian Tactics
28:22 Horse Collar
30:22 Wheelbarrow
29:50 Heavy Plow
33:10 Kamandaran
38:41 Crossbowman
39:27 Thumb Ring
41:27 Murder Holes
Conquerors
0:49 Loom
13:27 Feudal Age
17:40 Wheelbarrow
22:31 Castle Age
27:46 Pikeman
37:20 Double-Bit Axe
Connection lost

Rejoining the realm…

Still unreachable

The connection could not be restored.

Session expired

The server has moved on; the page needs a fresh start.